 Dungeon Crawl Stone Soup version 0.21.1-1-g345015f (webtiles) character file.

34534 kae the Brawler (level 13, -2/133 HPs)
             Began as a Troll Fighter on Apr 5, 2018.
             Was an Elder of Wu Jian.
             Slain by a freezing wraith (7 damage)
             ... in an ice cave.
             The game lasted 00:22:27 (12057 turns).

kae the Brawler (Troll Fighter)                    Turns: 12057, Time: 00:22:28

Health: -2/133     AC:  7    Str: 27    XL:     13   Next: 42%
Magic:  12/12      EV: 11    Int:  7    God:    Wu Jian [****..]
Gold:   1032       SH:  9    Dex: 10    Spells: 12/12 levels left

rFire    x . .     SeeInvis .     - Unarmed
rCold    + . .     Gourm    +   b - +0 shield
rNeg     . . .     Faith    .   F - +0 troll leather armour
rPois    .         Spirit   .   (helmet restricted)
rElec    .         Reflect  .   L - scarf {cloud immunity}
rCorr    .         Harm     .   (gloves unavailable)
MR       .....                  (boots unavailable)
Stlth    +.........             (no amulet)
HPRegen  1.12/turn              e - +3 ring of slaying
MPRegen  0.13/turn              C - ring of ice

@: slowed, very slow
A: large, unfitting armour, claws 3, fast metabolism 3, gourmand, regeneration
1, shaggy fur 1, tough skin 2
a: Wall Jump, Serpent's Lash, Renounce Religion


You were in an ice cave.
You worshipped Wu Jian.
Wu Jian was greatly pleased with you.
You were full.

You visited 4 branches of the dungeon, and saw 16 of its levels.
You also visited: Ice Cave.

You collected 1164 gold pieces.
You spent 132 gold pieces at shops.

Inventory:

Armour
 b - a +0 shield (worn)
 F - a +0 troll leather armour (worn)
 L - a scarf of cloud immunity (worn)
Jewellery
 e - a +3 ring of slaying (left claw)
 l - an uncursed ring of wizardry
 m - an uncursed ring of stealth
 n - a +5 ring of dexterity
 s - a +5 ring of dexterity
 C - a ring of ice (right claw)
 K - a +3 ring of intelligence {unknown}
Wands
 x - a wand of acid (6)
 y - a wand of disintegration (9)
 A - a wand of digging (32)
 M - a wand of scattershot (5)
 P - a wand of clouds (5)
Scrolls
 a - 2 scrolls of amnesia
 f - 4 scrolls of blinking
 g - a scroll of fog
 i - 10 scrolls of remove curse
 k - 4 scrolls of identify
 o - 2 scrolls of enchant weapon
 p - 7 scrolls of teleportation
 D - a scroll of magic mapping
 H - a scroll of noise {unknown}
 I - a scroll of brand weapon {unknown}
 N - a scroll of fear
 R - a scroll of vulnerability {unknown}
 S - a scroll of holy word {unknown}
Potions
 c - a potion of flight
 j - 5 potions of curing
 q - a potion of ambrosia
 r - 4 potions of mutation
 t - a potion of magic
 v - a potion of berserk rage
 w - 3 potions of resistance
 z - 2 potions of agility
 E - a potion of haste
 O - a potion of might
Books
 u - a book of Debilitation

   Spells                             Type                      Level
   a - Corona                         Hexes                        1
   b - Slow                           Hexes                        2
   c - Inner Flame                    Hexes/Fire                   3
   d - Portal Projectile              Hexes/Translocation          3
   e - Cause Fear                     Hexes                        4
   f - Leda's Liquefaction            Hexes/Earth                  4
 B - a book of Air

   Spells                             Type                      Level
   a - Shock                          Conjuration/Air              1
   b - Swiftness                      Charms/Air                   2
   c - Static Discharge               Conjuration/Air              3
   d - Airstrike                      Air                          4
   e - Lightning Bolt                 Conjuration/Air              5
 G - a book of Misfortune

   Spells                             Type                      Level
   a - Confusing Touch                Hexes                        1
   b - Confuse                        Hexes                        3
   c - Gell's Gravitas                Translocation                3
   d - Petrify                        Transmutation/Earth          4
   e - Metabolic Englaciation         Hexes/Ice                    5
   f - Yara's Violent Unravelling     Hexes/Transmutation          5
 J - a book of Changes

   Spells                             Type                      Level
   a - Beastly Appendage              Transmutation                1
   b - Sticks to Snakes               Transmutation                2
   c - Spider Form                    Transmutation/Poison         3
   d - Ice Form                       Ice/Transmutation            4
   e - Blade Hands                    Transmutation                5
Comestibles
 d - 31 rations


   Skills:
 + Level 10.2 Fighting
 + Level 10.2 Dodging
 - Level 2.4 Shields
 * Level 15.8 Unarmed Combat


You had 12 spell levels left.
You didn't know any spells.

Dungeon Overview and Level Annotations

Branches:
Dungeon (10/15)            Temple (1/1) D:7            Lair (4/6) D:8
 Shoals (0/4) Lair:2        Snake (0/4) Lair:4          Orc (1/2) D:9

Altars:
Ashenzari
Cheibriados
Dithmenos
Elyvilon
Fedhas
Gozag
Hepliaklqana
Kikubaaqudgha
Makhleb
Nemelex Xobeh
Okawaru
Qazlal
Ru
Sif Muna
Trog
Uskayaw
Vehumet
Wu Jian
Xom
Yredelemnul
Zin
The Shining One

Shops:
D:8 *   D:9 [   D:10 [(}?

Annotations:
D:10 Vasilisck's ghost, journeyman GnFi


Innate Abilities, Weirdness & Mutations

You are too large for most types of armour.
You have claws for hands.
Your metabolism is lightning-fast.
You like to eat raw meat.
Your natural rate of healing is unusually fast.
You are covered in fur. (AC +1)
You have very tough skin. (AC +2)


Message History

The freezing wraith completely misses you.
The freezing wraith hits you.
* * * LOW HITPOINT WARNING * * *
The freezing wraith freezes you! You resist.
* * * LOW HITPOINT WARNING * * *
The freezing wraith hits you!
* * * LOW HITPOINT WARNING * * *
You feel much better. The freezing wraith barely misses you.
The freezing wraith closely misses you.
You spin and attack the freezing wraith.
You barely miss the freezing wraith.
The freezing wraith is severely damaged.
The freezing wraith hits you!
* * * LOW HITPOINT WARNING * * *
The freezing wraith freezes you. You resist.
* * * LOW HITPOINT WARNING * * *
You block the freezing wraith's attack. The freezing wraith hits you!
* * * LOW HITPOINT WARNING * * *
The freezing wraith freezes you! You resist.
You die...

#...# #...#
#...# #...
#..##
######..#
##...###.##
##.....##..#
#...#...#W@#
#..####....#
##..# ##...#
##..## ##.##
##...# ###
##....## #
#......#
####.....##
.##.......#


You could see a freezing wraith (pinned).

Vanquished Creatures
  Snorg (Orc:1)
  Josephine (D:10)
  A fire dragon (Lair:1)
  Fannar (Lair:1)
  2 hydras
  A two-headed ogre (D:8)
  Urug (D:10)
  Sonja (Lair:4)
  5 orc knights (Orc:1)
  A black mamba (Lair:4)
  3 elephants (Lair:2)
  Joseph (D:10)
  A merfolk siren (Lair:2)
  9 spiny frogs
  A freezing wraith (IceCv)
  2 rime drakes
  6 komodo dragons
  2 ice devils (Lair:4)
  3 trolls
  9 blink frogs
  6 hippogriffs
  Sigmund (D:6)
  5 wraiths (D:10)
  21 yaks
  A death yak simulacrum (IceCv)
  3 nagas (Lair:4)
  Duvessa (D:7)
  13 water moccasins
  9 porcupines
  2 hell hounds (D:8)
  4 sky beasts
  19 orc warriors
  9 ice beasts
  A phantom (D:6)
  A necrophage (D:10)
  8 ogres
  3 centaurs
  An alligator simulacrum (IceCv)
  18 wolves
  4 crocodiles
  6 bullfrogs
  Dowan (D:7)
  A swamp dragon simulacrum (IceCv)
  4 howler monkeys
  3 crimson imps
  2 bullfrog zombies
  2 centaur zombies
  3 jellies (D:8)
  A quasit (D:9)
  7 hounds
  9 orc priests
  A gnoll shaman (D:9)
  2 bullfrog skeletons (D:9)
  2 iguanas
  Terence (D:2)
  10 orc wizards
  A polar bear simulacrum (IceCv)
  2 worker ants
  2 killer bee zombies
  3 hound zombies
  Robin (D:2)
  8 gnolls
  2 worker ant zombies
  8 adders
  5 white imps (IceCv)
  6 oozes
  2 adder skeletons
  An adder zombie (D:6)
  A worm (D:3)
  5 dart slugs
  7 leopard geckos
  30 orcs
  2 ball pythons
  7 bats
  5 giant cockroaches
  12 goblins
  10 hobgoblins
  11 jackals
  6 kobolds
  2 quokkas
  4 frilled lizards
  A quokka zombie (D:5)
  5 rats
386 creatures vanquished.

Vanquished Creatures (others)
  An electric eel (Lair:1)
  An orc wizard (D:6)
  An orc (D:6)
  2 fungi
5 creatures vanquished.

Grand Total: 391 creatures vanquished

Notes
Turn   | Place    | Note
-------+----------+-------------------------------------------
     0 | D:1      | kae the Troll Fighter began the quest for the Orb.
     0 | D:1      | Reached XP level 1. HP: 22/22 MP: 0/0
    64 | D:1      | Reached XP level 2. HP: 26/29 MP: 1/1
   226 | D:1      | Reached XP level 3. HP: 35/36 MP: 2/2
   299 | D:1      | Reached skill level 3 in Unarmed Combat
   536 | D:2      | Noticed Terence
   545 | D:2      | Killed Terence
   577 | D:2      | Noticed Robin
   580 | D:2      | Reached XP level 4. HP: 42/44 MP: 3/3
   583 | D:2      | Killed Robin
   968 | D:2      | Reached XP level 5. HP: 52/53 MP: 4/4
  1263 | D:3      | Reached skill level 4 in Unarmed Combat
  1769 | D:4      | Noticed an ogre
  1774 | D:4      | Killed an ogre
  1774 | D:4      | Reached XP level 6. HP: 61/61 MP: 5/5
  1929 | D:4      | Reached skill level 5 in Unarmed Combat
  2320 | D:5      | Entered Level 5 of the Dungeon
  2320 | D:5      | Noticed a sky beast
  2334 | D:5      | Killed a sky beast
  2334 | D:5      | Reached XP level 7. HP: 62/70 MP: 6/6
  2874 | D:5      | Found a shimmering altar of Xom.
  2880 | D:5      | Reached skill level 6 in Unarmed Combat
  3035 | D:6      | Reached XP level 8. HP: 58/79 MP: 7/7
  3039 | D:6      | Reached skill level 7 in Unarmed Combat
  3087 | D:6      | Found a basalt altar of Yredelemnul.
  3164 | D:6      | Reached skill level 5 in Dodging
  3177 | D:6      | Reached skill level 5 in Fighting
  3309 | D:6      | Found Butwan's Weapon Shop.
  3309 | D:6      | Noticed Sigmund
  3314 | D:6      | Killed Sigmund
  3314 | D:6      | Reached skill level 8 in Unarmed Combat
  3356 | D:6      | Found a shimmering altar of Xom.
  3607 | D:7      | Found a radiant altar of Vehumet.
  3607 | D:7      | Found an iron altar of Okawaru.
  3612 | D:7      | Found a burning altar of Makhleb.
  3614 | D:7      | Found a faded altar of an unknown god.
  3616 | D:7      | Found a hazy altar of Hepliaklqana.
  3964 | D:7      | Noticed Duvessa
  3964 | D:7      | Noticed Dowan
  3970 | D:7      | Killed Duvessa
  3985 | D:7      | Killed Dowan
  3985 | D:7      | Reached XP level 9. HP: 88/88 MP: 8/8
  4051 | D:7      | Found a staircase to the Ecumenical Temple.
  4264 | Temple   | Entered the Ecumenical Temple
  4486 | Temple   | Became a worshipper of the Wu Jian Council
  4966 | D:8      | Reached skill level 9 in Unarmed Combat
  5166 | D:8      | Reached * piety under Wu Jian
  5168 | D:8      | Found a staircase to the Lair.
  5277 | D:8      | Found Ifeinkam's Changing Room.
  5299 | D:8      | Bought a potion of mutation for 104 gold pieces
  5311 | D:8      | Noticed a two-headed ogre
  5320 | D:8      | Killed a two-headed ogre
  5320 | D:8      | Reached skill level 10 in Unarmed Combat
  5320 | D:8      | Reached XP level 10. HP: 46/100 MP: 9/9
  5932 | D:9      | Reached ** piety under Wu Jian
  5941 | D:9      | Found a staircase to the Orcish Mines.
  6037 | D:9      | Reached skill level 11 in Unarmed Combat
  6199 | D:9      | Found Xegini's Armour Emporium.
  6419 | D:10     | Entered Level 10 of the Dungeon
  6427 | D:10     | Found Zahiwo Peyts's Magic Scroll Shoppe.
  6435 | D:10     | Bought a scroll of identify for 28 gold pieces
  6464 | D:10     | Noticed Josephine
  6487 | D:10     | Killed Josephine
  6570 | D:10     | Found Dowo's Gadget Shoppe.
  6643 | D:10     | Reached skill level 12 in Unarmed Combat
  6643 | D:10     | Reached XP level 11. HP: 86/109 MP: 10/10
  6797 | D:10     | Noticed Urug
  6809 | D:10     | Killed Urug
  6963 | D:10     | Found Inu Belu's Antique Armour Shoppe.
  7000 | D:10     | Noticed Joseph
  7013 | D:10     | Killed Joseph
  7077 | D:10     | Found Ycsyuh's Weapon Shoppe.
  7163 | D:10     | Noticed Vasilisck's ghost (journeyman GnFi)
  7263 | Orc:1    | Entered Level 1 of the Orcish Mines
  7445 | Orc:1    | Noticed Snorg
  7460 | Orc:1    | Killed Snorg
  7657 | Orc:1    | Noticed an orc knight
  7657 | Orc:1    | Noticed an orc knight
  7657 | Orc:1    | Noticed an orc knight
  7657 | Orc:1    | Noticed an orc knight
  7658 | Orc:1    | Noticed an orc knight
  7673 | Orc:1    | Killed an orc knight
  7678 | Orc:1    | Killed an orc knight
  7682 | Orc:1    | Killed an orc knight
  7687 | Orc:1    | Killed an orc knight
  7687 | Orc:1    | Reached skill level 13 in Unarmed Combat
  7690 | Orc:1    | Killed an orc knight
  7690 | Orc:1    | Reached *** piety under Wu Jian
  8000 | Lair:1   | Entered Level 1 of the Lair of Beasts
  8031 | Lair:1   | Reached XP level 12. HP: 122/122 MP: 11/11
  8266 | Lair:1   | Noticed Fannar
  8302 | Lair:1   | Killed Fannar
  8413 | Lair:1   | Reached skill level 14 in Unarmed Combat
  8428 | Lair:1   | Reached **** piety under Wu Jian
  8717 | Lair:1   | Noticed a fire dragon
  8720 | Lair:1   | Found the +8 trident of the Octopus King {venom, rElec rPois MR+}
  8733 | Lair:1   | Killed a fire dragon
  9246 | Lair:2   | Noticed a four-headed hydra
  9328 | Lair:2   | Killed an eight-headed hydra
  9550 | Lair:2   | Found a staircase to the Shoals.
  9599 | Lair:2   | Reached skill level 15 in Unarmed Combat
  9995 | Lair:2   | Reached XP level 13. HP: 105/133 MP: 12/12
 10204 | Lair:3   | Found a transporter.
 10236 | Lair:3   | Found a transporter.
 11170 | Lair:4   | Reached skill level 10 in Fighting
 11170 | Lair:4   | Reached skill level 10 in Dodging
 11219 | Lair:4   | Found a staircase to the Snake Pit.
 11432 | Lair:4   | Noticed Sonja
 11435 | Lair:4   | Killed Sonja
 11773 | Lair:4   | Found a frozen archway.
 11808 | IceCv    | Entered an ice cave
 12057 | IceCv    | HP: 5/133 [freezing wraith (13)]
 12057 | IceCv    | Slain by a freezing wraith

Skill      XL: |  1  2  3  4  5  6  7  8  9 10 11 12 13 |
---------------+----------------------------------------+-----
Unarmed Combat | 3 4 5 6 8 10 12 13 15 | 15.8
Dodging        | 3 4 5 6 7 8 9 10 | 10.2
Fighting       | 3 4 5 6 7 8 9 10 | 10.2
Shields        | |  2.4

Action                   |  1- 3 |  4- 6 |  7- 9 | 10-12 | 13-15 || total
-------------------------+-------+-------+-------+-------+-------++-------
Melee: Unarmed           |    79 |   192 |   209 |   609 |   188 ||  1277
Invok: Lunge             |       |       |     7 |    40 |    13 ||    60
       Whirlwind         |       |       |       |    80 |    50 ||   130
       Wall Jump         |       |       |       |    21 |     5 ||    26
       Serpent's Lash    |       |       |       |     2 |     1 ||     3
Evoke: Wand              |       |       |       |     4 |     3 ||     7
  Use: Scroll            |     1 |     6 |     7 |     8 |     2 ||    24
       Potion            |       |       |     2 |     4 |     1 ||     7
 Stab: Sleeping          |       |     1 |     5 |       |       ||     6
  Eat: Chunk             |    11 |    16 |    27 |    42 |    18 ||   114
Armor: Robe              |    38 |    48 |    36 |    24 |       ||   146
       Troll leather arm |       |       |       |    67 |    38 ||   105
       Skin              |       |       |       |    23 |       ||    23
Dodge: Dodged            |    33 |    35 |    67 |   170 |    72 ||   377
Block: Shield            |    53 |    82 |    68 |   212 |    61 ||   476
